 Dungeon Crawl Stone Soup version 0.19.3-4-gbf9329e (webtiles) character file.

46 sveltemanboy the Conjurer (level 3, 0/17 HPs)
             Began as a Tengu Conjurer on Jan 29, 2017.
             Succumbed to an adder's poison
             ... on level 2 of the Dungeon.
             The game lasted 00:03:09 (1353 turns).

sveltemanboy the Conjurer (Tengu Conjurer)          Turns: 1353, Time: 00:03:09

Health: 0/17       AC:  5    Str:  8    XL:     3   Next: 68%
Magic:  0/7        EV: 12    Int: 16    God:
Gold:   41         SH:  0    Dex: 16    Spells: 2 memorised, 3 levels left

rFire  . . .     SeeInvis .     (no weapon)
rCold  . . .     Gourm    .     i - +0 leather armour
rNeg   . . .     Faith    .     (no shield)
rPois  .         Spirit   .     (helmet restricted)
rElec  .         Reflect  .     (no cloak)
rCorr  .         Harm     .     (no gloves)
MR     .....                    (boots unavailable)
Stlth  ++........               (no amulet)
                                (no ring)
                                (no ring)

@: lethally poisoned (0 -> -10)
A: beak, talons 3, icy blue scales 1, agile 1, frail 1
a: no special abilities


You were on level 2 of the Dungeon.
You were not hungry.

You visited 1 branch of the dungeon, and saw 2 of its levels.

You collected 41 gold pieces.

Inventory:

Armour
 i - a +0 leather armour (worn)
Scrolls
 a - a scroll of magic mapping {unknown}
Books
 b - a book of Conjurations

   Spells                             Type                      Level
   a - Magic Dart                     Conjuration                  1
   b - Searing Ray                    Conjuration                  2
   c - Dazzling Spray                 Conjuration/Hexes            3
   d - Fulminant Prism                Conjuration/Hexes            4
   e - Iskenderun's Mystic Blast      Conjuration                  4
   f - Iskenderun's Battlesphere      Conjuration/Charms           5
Comestibles
 c - a bread ration
 f - 2 beef jerkies


   Skills:
 + Level 2.0 Armour
 - Level 2.1 Dodging
 - Level 2.0 Stealth
 - Level 2.0 Spellcasting
 * Level 6.4 Conjurations


You had 3 spell levels left.
You knew the following spells:

 Your Spells              Type           Power        Failure   Level  Hunger
a - Magic Dart            Conj           ###.         2%          1    #......
b - Searing Ray           Conj           ###...       3%          2    ###....


Dungeon Overview and Level Annotations

Branches:
Dungeon (2/15)

Altars:


Innate Abilities, Weirdness & Mutations

You have a beak for a mouth.
You have claws for feet.
You are partially covered in icy blue scales. (AC +2)
You are agile. (Dex +2)
You are frail. (-10% HP)


Message History

You feel sick. The bat closely misses you. The bat barely misses you.
The adder misses you.
Casting: Magic Dart
Confirm with . or Enter, or press ? or * to list all spells.
Aiming: Magic Dart
Press: ? - help, Shift-Dir - straight line, f/p - adder
Aim: an adder (almost dead)
The magic dart hits the adder.
You kill the adder!
Your Armour skill increases to level 2!
The bat misses you.
It was a potion of mutation.
You feel extremely strange.
You feel frail.
You feel agile.
Icy blue scales grow over part of your body.
* * * LOW HITPOINT WARNING * * *
You feel sick. The bat completely misses you.
* * * LOW HITPOINT WARNING * * *
You feel sick. The bat misses you. The bat closely misses you.
You die...

. #..........##. ..
..#..........##.
..##.#.............
########.##.#..........##.
#...................<..###
#........##.#.....####.###
#........##.#..#######.##.
............#..# #.......
.........@....## #.......
#........####.# #.......
#....b...# #.# #.......
#.....†..# #.#####.......
#....##### #.#...........
...# #.#........... ..
#.#..........) b
#.............
#<....###.####


You could see a bat.

Vanquished Creatures
  An adder (D:2)
  4 leopard geckos
  A giant cockroach (D:2)
  4 goblins
  5 hobgoblins
  2 jackals (D:2)
  3 kobolds
  A quokka (D:2)
  2 bats (D:1)
  3 frilled lizards (D:1)
  4 rats
30 creatures vanquished.

Notes
Turn   | Place    | Note
-------+----------+-------------------------------------------
     0 | D:1      | sveltemanboy the Tengu Conjurer began the quest for the Orb.
     0 | D:1      | Reached XP level 1. HP: 10/10 MP: 4/4
   145 | D:1      | Reached skill level 1 in Armour
   196 | D:1      | Reached XP level 2. HP: 15/15 MP: 1/6
   248 | D:1      | Learned a level 2 spell: Searing Ray
   611 | D:1      | Reached skill level 6 in Conjurations
   892 | D:1      | Reached XP level 3. HP: 19/19 MP: 3/7
  1211 | D:2      | Found a faded altar of an unknown god.
  1350 | D:2      | Gained mutation: You are frail. (-10% HP) [potion of mutation]
  1350 | D:2      | Gained mutation: You are agile. (Dex +2) [potion of mutation]
  1350 | D:2      | Gained mutation: You are partially covered in icy blue scales. (AC +2) [potion of mutation]
  1353 | D:2      | Succumbed to an adder's poison

Skill      XL: |  1  2  3 |
---------------+----------+-----
Armour         | 1 2 |  2.0
Conjurations   | 6 |  6.4
Dodging        | |  2.1
Stealth        | |  2.0
Spellcasting   | |  2.0

Action                   || total
-------------------------++-------
Melee: Unarmed           ||     3
       Kick              ||     1
       Peck              ||     1
 Cast: Magic Dart        ||    51
       Searing Ray       ||     3
  Use: Scroll            ||     4
       Potion            ||     1
  Eat: Chunk             ||     2
Armor: Leather armour    ||     4
Dodge: Dodged            ||    17
